 Dungeon Crawl Stone Soup version 0.21.1-1-g345015f (webtiles) character file.

132 troglodite the Skirmisher (level 4, -2/37 HPs)
             Began as a Demonspawn Berserker on May 11, 2018.
             Was a Believer of Trog.
             Killed from afar by Sigmund (6 damage)
             ... with a magic dart
             ... on level 2 of the Dungeon on May 15, 2018.
             The game lasted 00:04:50 (1796 turns).

troglodite the Skirmisher (Demonspawn Berserker)    Turns: 1796, Time: 00:04:51

Health: -2/37      AC:  2    Str: 17    XL:     4   Next: 92%
Magic:  4/4        EV: 13    Int:  9    God:    Trog [**....]
Gold:   88         SH:  0    Dex: 13    Spells: 3/3 levels left

rFire    + . .     SeeInvis .   a - +1 falchion
rCold    . . .     Gourm    .   (no shield)
rNeg     . . .     Faith    .   g - +0 robe (curse)
rPois    .         Spirit   .   (helmet restricted)
rElec    .         Reflect  .   (no cloak)
rCorr    .         Harm     .   (no gloves)
MR       .....                  (no boots)
Stlth    +.........             (no amulet)
HPRegen  0.12/turn              h - ring of protection from fire
MPRegen  0.09/turn              (no ring)

@: berserk cooldown, slowed, very slow
A: horns 1, rot immunity
a: Berserk, Trog's Hand, Burn Spellbooks, Renounce Religion


You were on level 2 of the Dungeon.
You worshipped Trog.
Trog was pleased with you.
You were very hungry.

You visited 1 branch of the dungeon, and saw 2 of its levels.

You collected 88 gold pieces.

Inventory:

Hand Weapons
 a - a +1 falchion (weapon)
Armour
 b - a +0 animal skin
 g - a cursed +0 robe (worn)
 j - a +0 scale mail
Jewellery
 h - a ring of protection from fire (left hand)
Scrolls
 f - a scroll of teleportation
 i - a scroll of immolation {unknown}
Potions
 d - a potion of might {unknown}
 e - 2 potions of experience {unknown}
Comestibles
 c - 3 rations


   Skills:
 * Level 3.8 Fighting
 + Level 3.6 Long Blades
 * Level 2.3 Armour
 * Level 2.8 Dodging
 + Level 0.3 Stealth


You had 3 spell levels left.
You didn't know any spells.

Dungeon Overview and Level Annotations

Branches:
Dungeon (2/15)

Altars:

Annotations:
D:2 Sigmund


Innate Abilities, Weirdness & Mutations

You have a pair of small horns on your head.
You are immune to rotting.


Message History

You are confused.
Something hits you but does no damage.
You're too confused to move!
You hear some strange, mumbled words.
A magic dart appears from out of thin air!
The magic dart hits you! Something hits you. Something hits you.
* * * LOW HITPOINT WARNING * * *
You bump into the rock wall.
Something hits you.
* * * LOW HITPOINT WARNING * * *
You bump into the rock wall.
You feel less confused. Something hits you.
* * * LOW HITPOINT WARNING * * *
You barely miss something.
You hear some strange, mumbled words.
A magic dart appears from out of thin air!
The magic dart hits you!
You die...

#.###.#.#
#.#...#.#
...##.#.#
#.#.###.#
...##.#.#
#.#.###.#
......#.#
#.#.#...#
.#.#..#..
#.#.#.###
.....##.
#.#.# .#.
#.#.# ...
#.#.#
#@#.#
###{#.###
#.......#
#.#.#.#.#
...#.#.#.#
###
#.#.#.#
#.....#
###.###
#.#


There were no monsters in sight!

Vanquished Creatures
  Jessica (D:2)
  4 gnolls (D:2)
  An adder (D:2)
  An ooze (D:1)
  4 dart slugs
  2 leopard geckos (D:1)
  4 bats (D:1)
  4 giant cockroaches
  3 goblins
  4 hobgoblins
  4 jackals (D:1)
  2 frilled lizards (D:1)
  5 kobolds
  5 rats
44 creatures vanquished.

Notes
Turn   | Place    | Note
-------+----------+-------------------------------------------
     0 | D:1      | troglodite the Demonspawn Berserker began the quest for the Orb.
     0 | D:1      | Reached XP level 1. HP: 18/18 MP: 1/1
   120 | D:1      | Gained mutation: You have a pair of small horns on your head. [demonic ancestry]
   120 | D:1      | Reached XP level 2. HP: 24/24 MP: 2/2
   320 | D:1      | Reached XP level 3. HP: 10/29 MP: 3/3
   695 | D:1      | Reached ** piety under Trog
   948 | D:1      | You fall through a shaft!
  1460 | D:2      | Gained mutation: You are immune to rotting. [demonic ancestry]
  1460 | D:2      | Reached XP level 4. HP: 35/35 MP: 4/4
  1473 | D:2      | Noticed Jessica
  1489 | D:2      | Killed Jessica
  1773 | D:2      | Noticed Sigmund
  1796 | D:2      | Killed from afar by Sigmund

Skill      XL: |  1  2  3 |
---------------+----------+-----
Dodging        | 2 |  2.8
Long Blades    | 3 |  3.6
Armour         | 2 |  2.3
Fighting       | |  3.8
Stealth        | |  0.3

Action                   |  1- 3 |  4- 6 || total
-------------------------+-------+-------++-------
Melee: Falchion          |    91 |    15 ||   106
       Headbutt          |    13 |     2 ||    15
Invok: Berserk           |     1 |     1 ||     2
       Trog's Hand       |       |     1 ||     1
  Use: Scroll            |     3 |       ||     3
 Stab: Sleeping          |     2 |       ||     2
  Eat: Chunk             |     2 |     2 ||     4
Armor: Animal skin       |     9 |       ||     9
       Robe              |     8 |     1 ||     9
Dodge: Dodged            |    62 |     8 ||    70
       Rpst.: Falchion   |    19 |     4 ||    23
